 Dungeon Crawl Stone Soup version 0.32-a0-411-g744942f433 (webtiles) character file.

Game seed: 13784701525398722354

6 Bravepunisher the Ducker (level 1, 11/11 HPs)
             Began as a Spriggan Monk on Feb 21, 2024.
             Quit the game in the Ecumenical Temple.
             The game lasted 00:01:37 (304 turns).

Bravepunisher the Ducker (Spriggan Monk)             Turns: 304, Time: 00:01:38

Health: 11/11      AC:  2    Str:  7    XL:     1   Next: 75%
Magic:  2/2        EV: 19    Int: 11    God:
Gold:   11         SH:  0    Dex: 17    Spells: 0/0 levels left

rFire   . . .        a - +0 short sword
rCold   . . .        (no shield)
rNeg    . . .        b - +0 robe
rPois   .            (helmet restricted)
rElec   .            (no cloak)
rCorr   .            (gloves unavailable)
SInv    +            (boots unavailable)
Will    .....        (no amulet)
Stlth   ++           (no ring)
HPRegen 0.21/turn    (no ring)
MPRegen 0.08/turn

%: no passive effects
@: very quick
A: very small, no large weapons, unfitting armour, see invisible, speed 3
a: no special abilities


You were in the Ecumenical Temple.
You visited 2 branches of the dungeon, and saw 5 of its levels.

You collected 11 gold pieces.

Inventory:

Hand Weapons
 a - a +0 short sword (weapon)
Armour
 b - a +0 robe (worn)
Potions
 c - a potion of ambrosia
 d - a potion of degeneration {unknown}


   Skills:
 + Level 2.5 Fighting
 - Level 3.2 Short Blades
 * Level 4.4 Dodging


You couldn't memorise any spells.
You didn't know any spells.
Your spell library was empty.

Dungeon Overview and Level Annotations

Branches:
Dungeon (4/15)             Temple (1/1) D:4

Altars:
Dithmenos
Hepliaklqana
Kikubaaqudgha
Nemelex Xobeh
Qazlal
Sif Muna
Trog
Uskayaw
Xom
Zin
The Shining One

Annotations:
D:4 3 runed translucent doors, 0gre's ghost, amateur DsGl


Innate Abilities, Weirdness & Mutations

You are very small and have problems with some larger weapons.
You are too small for most types of armour.
You have supernaturally acute eyesight. (SInv)
You cover ground extremely quickly. (Speed+++)


Message History

The quokka is almost dead.
The quokka closely misses you.
You hit the quokka.
You kill the quokka!
You see here a quokka corpse.
You now have 11 gold pieces.
An endoplasm comes into view.
The endoplasm quivers.
You hit the endoplasm.
The endoplasm is almost dead.
The endoplasm freezes you.
You are frozen.
You hit the endoplasm.
You kill the endoplasm!
You open the door.
There is an open door here.
A frilled lizard comes into view.
Found a stone staircase leading down.
Found a robe.
There is a stone staircase leading down here.
You climb downwards.
Found a forked bone wand, a trident and a quarterstaff.
There is a stone staircase leading up here.
Found 8 gold pieces.
The shadow imp shouts, "Succumb, thou reeling-ripe sheep-biting nano-nebbish!"
Found 4 atropa-tipped darts.
Found 17 gold pieces.
Found a runed translucent gate.
Found a scroll labelled GOSTRU XAIDUOPISUE.
The kobold brigand shouts!
The endoplasm quivers.
The shadow imp puffs mist at you.
Found a staircase to the Ecumenical Temple.
Found a robe.
Found 22 gold pieces.
There is a staircase to the Ecumenical Temple here.
You climb downwards.
Welcome to the Ecumenical Temple!
Found a sparkling altar of Nemelex Xobeh.
Found a staircase back to the Dungeon.
There is a staircase back to the Dungeon here.
Are you sure you want to abandon this character and quit the game? (Confirm with "yes".)

≈≈≈≈≈≈≈≈≈≈≈≈≈≈≈≈≈≈≈≈≈≈≈≈≈≈≈≈#####
≈≈≈≈≈≈≈≈≈≈≈≈≈≈≈≈≈≈≈≈≈≈≈≈≈≈≈≈#####
≈≈≈≈≈≈≈≈≈≈≈≈≈≈≈≈≈≈≈≈≈≈≈≈≈≈≈≈#####
~~≈≈~≈≈~~~~≈~≈~~≈≈≈≈≈≈≈≈≈≈≈≈#####
.~#.#~~~.~~#.~.~≈≈≈≈≈≈≈≈≈≈≈≈#####
..~_..~_..~_..#~≈~~≈≈≈≈≈≈≈≈≈#####
~.~~~.~.~~~~~~.~~##~≈≈≈≈≈≈≈≈#####
...~~..~.~..~.....~≈≈≈≈≈≈≈≈≈#####
..~.........~.~.@~#≈≈≈≈≈≈≈≈≈#####
.....~.~~.~~.~.ß..~≈≈≈≈≈≈≈≈≈#####
.~~...~~..~..~.~..~≈≈≈≈≈≈≈≈≈#####
~ß~_~.._....~.#~~~~≈≈≈≈≈≈≈≈≈#####
~#.~.~~#~##~#~#~~≈≈≈≈≈≈≈≈≈≈≈#####
~~~~~~~~≈≈~≈≈~≈~~≈≈≈≈≈≈≈≈≈≈≈#####
≈≈≈≈≈≈~≈≈≈≈≈≈≈~≈~≈≈≈≈≈≈≈≈≈≈≈#####
≈≈≈≈≈≈≈≈≈≈≈≈≈≈≈≈≈≈≈≈≈≈≈≈≈≈≈≈#####
≈≈≈≈≈≈≈≈≈≈≈≈≈≈≈≈≈≈≈≈≈≈≈≈≈≈≈≈#####


There were no monsters in sight!

Vanquished Creatures
  An endoplasm (D:3)
  2 quokkas
3 creatures vanquished.

Notes
Turn   | Place    | Note
-------+----------+-------------------------------------------
     0 | D:1      | Bravepunisher the Spriggan Monk began the quest for the
                  | Orb.
     0 | D:1      | Reached XP level 1. HP: 11/11 MP: 2/2
   278 | D:4      | Found a runed translucent gate.
   278 | D:4      | Noticed 0gre's ghost (amateur DsGl)
   279 | D:4      | Found a runed translucent gate.
   279 | D:4      | Noticed a scorpion
   280 | D:4      | Found a runed translucent gate.
   280 | D:4      | Noticed a kobold brigand
   294 | D:4      | Found a staircase to the Ecumenical Temple.
   303 | Temple   | Entered the Ecumenical Temple
   304 | Temple   | Quit the game

Illustrated notes

Levels and vault maps discovered:
D:1:      psy_arrival_basics, layout_loops_ring
D:2:      layout_rooms, dreamdust_ecumenical_altar_drowned_temple,
          minmay_misc_feat_five
D:3:      layout_basic, lemuel_tele_altar, serial_shops,
          nicolae_shop_tiny_real_fake_doors, uniq_natasha
D:4:      layout_rooms, minmay_temple_entry_statues_pillars,
          gammafunk_ghost_split, chequers_avenue,
          chequers_serial_rivers_small_3, chequers_serial_rivers_micro_c,
          serial_library_regret_index_branch_corner, corexii_corridor_pit,
          uniq_sigmund, uniq_menkaure, uniq_duvessa, uniq_blork_the_orc
Temple:   chequers_temple_sunken

Action                     || total
---------------------------++-------
  Melee: Short sword       ||    22
 Armour: Robe              ||     5
  Dodge: Dodged            ||    19

Table legend: (Time is in decaauts)
 A = Elapsed time spent in this place.
 B = Non-inter-level travel time spent in this place.
 C = Inter-level travel time spent in this place.
 D = Time resting spent in this place.
 E = Time spent auto-exploring this place.
 F = Levels seen in this place.
 G = Mean time per level.
                   A        B        C        D        E       F      G
               +--------+--------+--------+--------+--------+-----+--------+
         Total |    199 |    199 |      0 |      0 |     92 |   5 |   39.8 |
       Dungeon |    198 |    198 |      0 |      0 |     92 |   4 |   49.5 |
        Temple |      0 |      0 |      0 |      0 |      0 |   1 |    0.0 |
               +--------+--------+--------+--------+--------+-----+--------+

Top non-repeatable levels by time:
     D:1: 97 daAuts
     D:3: 72 daAuts
     D:4: 18 daAuts
     D:2: 10 daAuts
  Temple: 0 daAuts
